 Dungeon Crawl Stone Soup version 0.20-a0-848-g73d9be0 (webtiles) character file.

2458 krabocopter the Covert (level 9, 0/48 HPs)
             Began as a Vine Stalker Assassin on Mar 9, 2017.
             Was a Follower of Ashenzari.
             Succumbed to a killer bee's poison
             ... on level 7 of the Dungeon.
             The game lasted 00:21:31 (6090 turns).

krabocopter the Covert (Vine Stalker Assassin)      Turns: 6090, Time: 00:21:32

Health: 0/48       AC:  4    Str: 15    XL:     9   Next: 50%
Magic:  9/10       EV: 21    Int: 11    God:    Ashenzari [*.....]
Gold:   358        SH:  0    Dex: 23    Spells: 8/8 levels left

rFire    . . .     SeeInvis .   J - +3 short sword (speed)
rCold    . . .     Gourm    .   l - +0 leather armour
rNeg     . . .     Faith    .   (no shield)
rPois    .         Spirit   +   (no helmet)
rElec    .         Reflect  .   d - +0 cloak
rCorr    .         Harm     .   (no gloves)
MR       +....                  (no boots)
Stlth    ++++++....             (no amulet)
Regen    0.6/turn               (no ring)
MPRegen  0.2/turn               (no ring)

@: agile, lethally poisoned (0 -> -7), exhausted, slowed, very slow
A: fangs 3, regeneration 1, magic shield, antimagic bite, no potion heal 3, rot
immunity
a: Curse Item, Scrying, Renounce Religion


You were on level 7 of the Dungeon.
You worshipped Ashenzari.
Ashenzari was aware of your devotion.
You were not hungry.

You visited 2 branches of the dungeon, and saw 8 of its levels.

You collected 358 gold pieces.

Inventory:

Hand Weapons
 b - a +0 blowgun
 u - a +2 dagger of protection
 B - a +3 shortbow
 J - a +3 short sword of speed (weapon)
Missiles
 e - 29 poisoned needles
 f - 2 curare-tipped needles
 C - 34 arrows
Armour
 d - a +0 cloak (worn)
 l - a +0 leather armour (worn)
Wands
 F - a wand of lightning (3/15)
Scrolls
 j - a scroll of enchant weapon
 k - 5 scrolls of teleportation
 m - 5 scrolls of identify
 q - a scroll of fear {unknown}
 w - a scroll of amnesia
 x - a scroll of fog {unknown}
 y - a scroll of magic mapping
 E - a scroll of torment {unknown}
 G - a scroll of remove curse
 H - 2 scrolls of summoning {unknown}
 I - a scroll of enchant armour {unknown}
Potions
 a - 2 potions of flight
 c - a potion of magic {unknown}
 h - 2 potions of brilliance
 i - 2 potions of might {unknown}
 o - a potion of invisibility {unknown}
 r - a potion of curing {unknown}
 t - a potion of resistance
 z - a potion of lignification {unknown}
 A - a potion of agility
 D - a potion of haste {unknown}
 K - a potion of cancellation {unknown}
Comestibles
 g - 5 bread rations
 n - 3 meat rations
 s - a chunk of flesh
 v - 2 royal jellies


   Skills:
 + Level 5.8 Fighting
 - Level 5.5 Short Blades
 - Level 1.7 Throwing
 + Level 5.5 Dodging
 + Level 9.6 Stealth


You had 8 spell levels left.
You didn't know any spells.

Dungeon Overview and Level Annotations

Branches:
Dungeon (7/15)             Temple (1/1) D:4

Altars:
Ashenzari
Cheibriados
Dithmenos
Elyvilon
Fedhas
Gozag
Hepliaklqana
Kikubaaqudgha
Makhleb
Nemelex Xobeh
Okawaru
Qazlal
Ru
Sif Muna
Trog
Uskayaw
Vehumet
Wu Jian
Xom
Yredelemnul
Zin
The Shining One

Shops:
D:4 *

Annotations:
D:3 Grinder


Innate Abilities, Weirdness & Mutations

You have razor-sharp teeth.
Your natural rate of healing is unusually fast.
When hurt, damage is shared between your health and your magic reserves.
Your bite disrupts and absorbs the magic of your enemies.
Potions cannot restore your health.
You are immune to rotting.


Message History

* * * LOW HITPOINT WARNING * * *
You feel sick.
You take 1 damage, and have 4/72 hp.
* * * LOW HITPOINT WARNING * * *
You feel sick.
You are too berserk!
You feel a strong urge to attack something.
* * * LOW HITPOINT WARNING * * *
You feel sick.
You see here a killer bee corpse.
You take 2 damage, and have 2/72 hp.
You are no longer berserk.
You are exhausted.
You feel yourself slow down.
* * * LOW HITPOINT WARNING * * *
You feel sick.
You now have 2/48 hp.
It was a potion of agility.
You feel agile all of a sudden.
You die...

######## #.......#
##......## #.......#
##........###.......#
#..........##.......#
#..<.......##.......### .
#..[.......##..[......# ..
#........$.##.......#.#
..#.......(.)##.........#
.............†@.......###
##.....(...##†......#
#...................##
#..........##.#......#
#..........#..#....#.#
.................##.>..#.#
...............#.......#.#
#.............#..##....#.#
#............##.###....#.#


There were no monsters in sight!

Vanquished Creatures
  Menkaure (D:6)
  A black bear (D:6)
  An ice beast (D:6)
  4 ogres
  4 phantoms
  A centaur (D:5)
  A big kobold (D:6)
  3 bullfrogs (D:6)
  3 killer bees (D:7)
  2 crimson imps
  A gnoll shaman (D:6)
  2 centaur skeletons
  5 hounds
  2 bullfrog skeletons (D:6)
  4 iguanas
  Ijyb (D:2)
  Natasha (thrice) (D:4)
  3 orc wizards
  4 worker ants
  3 gnolls (D:6)
  7 adders
  A shadow imp (D:7)
  An ooze (D:7)
  2 adder zombies
  7 worms
  2 dart slugs
  4 leopard geckos
  15 orcs
  7 bats
  7 giant cockroaches
  6 goblins
  4 hobgoblins
  13 jackals
  13 kobolds
  3 quokkas
  3 ball pythons
  12 frilled lizards
  A leopard gecko skeleton (D:5)
  4 rats
161 creatures vanquished.

Notes
Turn   | Place    | Note
-------+----------+-------------------------------------------
     0 | D:1      | krabocopter the Vine Stalker Assassin began the quest for the Orb.
     0 | D:1      | Reached XP level 1. HP: 11/11 MP: 2/2
   248 | D:1      | Reached XP level 2. HP: 11/15 MP: 3/3
   362 | D:1      | Reached skill level 1 in Dodging
   957 | D:2      | Reached XP level 3. HP: 14/19 MP: 4/4
  1051 | D:2      | Reached skill level 5 in Stealth
  1287 | D:2      | Noticed Ijyb
  1303 | D:2      | Killed Ijyb
  1303 | D:2      | Gained mutation: Your natural rate of healing is unusually fast. [Vine Stalker growth]
  1303 | D:2      | Reached XP level 4. HP: 11/23 MP: 3/5
  1674 | D:2      | Found a glowing golden altar of the Shining One.
  1677 | D:2      | Found a sacrificial altar of Ru.
  1678 | D:2      | Found a basalt altar of Yredelemnul.
  1687 | D:2      | Found a blossoming altar of Fedhas.
  1687 | D:2      | Found a hazy altar of Hepliaklqana.
  1744 | D:2      | Reached XP level 5. HP: 21/28 MP: 4/6
  2449 | D:3      | Noticed a phantom
  2529 | D:3      | Killed a phantom
  2529 | D:3      | Reached XP level 6. HP: 22/32 MP: 4/7
  2688 | D:3      | Noticed Grinder
  3025 | D:4      | Reached skill level 6 in Stealth
  3425 | D:4      | Found Gujiedo's Assorted Antiques.
  3550 | D:4      | Noticed Natasha
  3560 | D:4      | Reached XP level 7. HP: 33/36 MP: 8/8
  3570 | D:4      | Killed Natasha
  3699 | D:4      | Noticed Natasha
  3708 | D:4      | Killed Natasha
  3753 | D:4      | Found a staircase to the Ecumenical Temple.
  3762 | Temple   | Entered the Ecumenical Temple
  3884 | Temple   | Became a worshipper of Ashenzari the Shackled
  3986 | D:4      | Noticed Natasha
  4003 | D:4      | Killed Natasha
  4077 | D:5      | Entered Level 5 of the Dungeon
  4220 | D:5      | Reached skill level 5 in Short Blades
  4437 | D:5      | Reached skill level 7 in Stealth
  4437 | D:5      | Gained mutation: You have razor-sharp teeth. [Vine Stalker growth]
  4437 | D:5      | Reached XP level 8. HP: 40/40 MP: 9/9
  4749 | D:5      | Found a glowing silver altar of Zin.
  5068 | D:6      | Noticed Menkaure
  5078 | D:6      | Killed Menkaure
  5078 | D:6      | Reached skill level 8 in Stealth
  5329 | D:6      | Reached XP level 9. HP: 46/46 MP: 10/10
  5404 | D:6      | Reached skill level 5 in Fighting
  5430 | D:6      | Reached skill level 5 in Dodging
  5430 | D:6      | Reached skill level 9 in Stealth
  5938 | D:7      | Reached * piety under Ashenzari
  6088 | D:7      | HP: 2/72 [poisoned by a killer bee]
  6090 | D:7      | Succumbed to a killer bee's poison

Vault maps used:
D:1:      mrwooster_arrival_statue_3, minmay_pentomino_v2
D:2:      grunt_temple_overflow_open, uniq_iyjb
D:3:      first_bread, grunt_ministairs_14, uniq_grinder
D:4:      lemuel_temple_firewalk_a, serial_shops, shop, uniq_natasha
D:5:      lemuel_doored_altar
D:6:      cheibrodos_thug_alley, uniq_menkaure
D:7:      bloody_makhleb
Temple:   nicolae_temple_elliptical

Skill      XL: |  1  2  3  4  5  6  7  8  9 |
---------------+----------------------------+-----
Fighting       | 2 3 4 5 |  5.8
Short Blades   | 2 3 4 5 |  5.5
Dodging        | 1 2 3 4 5 |  5.5
Stealth        | 5 6 7 8 9 |  9.6
Throwing       | |  1.7

Action                   |  1- 3 |  4- 6 |  7- 9 || total
-------------------------+-------+-------+-------++-------
Melee: Dagger            |    76 |   218 |   358 ||   652
       Bite              |    23 |    65 |   152 ||   240
       Short sword       |       |       |    58 ||    58
  Use: Scroll            |       |     4 |     3 ||     7
       Potion            |       |     3 |     3 ||     6
 Stab: Sleeping          |     3 |    14 |     9 ||    26
       Distracted        |       |       |     1 ||     1
  Eat: Chunk             |     1 |     7 |     9 ||    17
Armor: Robe              |    14 |    43 |       ||    57
       Leather armour    |       |    20 |    67 ||    87
Dodge: Dodged            |    28 |   117 |   223 ||   368
